 Dungeon Crawl Stone Soup version 0.31-a0-175-g9f7f995f2b (webtiles) character file.

Game seed: 11568106165197841152

161 qw the Chopper (level 5, -7/32 HPs)
             Began as a Gargoyle Fighter on June 16, 2023.
             Mangled by an ogre
             ... wielding a +0 giant club
              (19 damage)
             ... on level 3 of the Dungeon.
             The game lasted 00:01:14 (1984 turns).

qw the Chopper (Gargoyle Fighter)                   Turns: 1984, Time: 00:01:14

Health: -7/32      AC: 10    Str: 22    XL:     5   Next: 42%
Magic:  5/5        EV:  9    Int:  8    God:
Gold:   118        SH:  4    Dex:  9    Spells: 4/4 levels left

rFire   . . .        Y - +0 war axe
rCold   + . .        c - +0 buckler
rNeg    + . .        b - +0 scale mail
rPois   inf          (no helmet)
rElec   +            (no cloak)
rCorr   .            (no gloves)
SInv    .            (no boots)
Will    .....        m - amulet of faith Stlth
                     i - ring of protection from cold
HPRegen 0.25/turn    (no ring)
MPRegen 0.09/turn

%: faith
@: no status effects
A: sickness immunity, AC +4, negative energy resistance 1, electricity
resistance, torment resistance 1, petrification resistance
a: no special abilities


You were on level 3 of the Dungeon.
You visited 1 branch of the dungeon, and saw 3 of its levels.

You collected 118 gold pieces.


Innate Abilities, Weirdness & Mutations

You are immune to sickness and miasma.
Your stone body is resilient. (AC +4)
You are immune to poison.
You resist negative energy. (rN+)
You are resistant to electric shocks. (rElec)
You are resistant to unholy torment.
You are immune to petrification.


   Skills:
 + Level 3.3 Fighting
 - Level 5.0 Axes
 - Level 3.2 Armour
 - Level 3.2 Shields


You had 4 spell levels left.
You didn't know any spells.
Your spell library was empty.

Inventory:

Hand Weapons
 l - a +0 mace
 Y - a +0 war axe (weapon)
Armour
 b - a +0 scale mail (worn)
 c - a +0 buckler (worn)
Jewellery
 i - a ring of protection from cold (left hand)
 m - an amulet of faith (around neck)
Scrolls
 f - a scroll of identify {unknown}
Potions
 a - a potion of magic {unknown}
 d - 3 potions of might
 e - a potion of lignification {unknown}
 g - a potion of degeneration {unknown}
 h - a potion of mutation {unknown}
 k - a potion of attraction {unknown}
 n - a potion of curing {unknown}

Dungeon Overview and Level Annotations

Branches:
Dungeon (3/15)

Altars:
Gozag
Kikubaaqudgha
Wu Jian


Message History

You kill the quokka!
You see here a quokka corpse.
You now have 104 gold pieces (gained 8).
Found a sling.
You now have 118 gold pieces (gained 14).
Enter note:
Enter note:
Enter note:
Enter note:
Enter note:
Enter note:
Found a faded altar of an unknown god.
Enter note:
Enter note:
Enter note:
Enter note:
Enter note:
Enter note: The orc wizard shouts!
Enter note:
Enter note:
Enter note:
Enter note:
Enter note:
Enter note:
1979 ||| Stepping ~*~*~tactically~*~*~ (hiding).
You start waiting.
An ogre is nearby!
You slash the ogre!
The ogre is heavily wounded.
The ogre closely misses you.
You barely miss the ogre.
The ogre is heavily wounded.
The ogre hits you with a +0 giant club!!
Ouch! That really hurt!
You closely miss the ogre.
The ogre is heavily wounded.
The ogre hits you with a +0 giant club!!
Ouch! That really hurt!
You die...

.......#..[# #....#
.......#...# #....#
..........o#...####....##
....o.....{'........._...
##........O#...####....##
.......######### #....#
......O#.......# ######
.....#.......#
#.##..#@......#
#...o.O.......#
####.##.......#########
........................
####.####.#............#
# #.#.7.7........#
#...._.........#
##..7.7.)......#
##............#


You could see an ogre and an orc wizard.

Vanquished Creatures
  Ijyb (D:3)
  Jessica (D:3)
  An iguana (D:3)
  An adder (D:2)
  2 worms (D:2)
  2 dart slugs
  An orc (D:3)
  4 bats
  3 endoplasms
  4 giant cockroaches
  12 hobgoblins
  4 jackals (D:1)
  2 quokkas
  5 ball pythons
  2 frilled lizards
  5 goblins
  5 kobolds
  5 rats
60 creatures vanquished.

Notes
Turn   | Place    | Note
-------+----------+-------------------------------------------
     0 | D:1      | qw the Gargoyle Fighter began the quest for the Orb.
     0 | D:1      | Reached XP level 1. HP: 14/14 MP: 1/1
     0 | D:1      | 0 ||| qw: Version: 0.2-a-29-g511e9b1
     0 | D:1      | 0 ||| qw: Game counter: 5842
     0 | D:1      | 0 ||| qw: Always use a shield: true
     0 | D:1      | 0 ||| qw: God list: Okawaru
     0 | D:1      | 0 ||| qw: Allow faded altars: false
     0 | D:1      | 0 ||| qw: Do Orc after D:15 true
     0 | D:1      | 0 ||| qw: Do second Lair branch before Depths: true
     0 | D:1      | 0 ||| qw: Lair rune preference: random
     0 | D:1      | 0 ||| qw: Plans: Normal, Zot:1-4, Slime:5, God:TSO, Crypt,
                  | Tomb, Abyss, Pan, Hells, Win
     0 | D:1      | 0 ||| PLANNING D:1-11
    25 | D:1      | Reached skill level 2 in Axes
   147 | D:1      | Reached XP level 2. HP: 19/19 MP: 2/2
   161 | D:1      | 161 ||| Stepping ~*~*~tactically~*~*~ (stealth).
   162 | D:1      | 162 ||| Stepping ~*~*~tactically~*~*~ (stealth).
   163 | D:1      | 163 ||| Stepping ~*~*~tactically~*~*~ (stealth).
   165 | D:1      | 165 ||| Stepping ~*~*~tactically~*~*~ (stealth).
   228 | D:1      | 228 ||| Stepping ~*~*~tactically~*~*~ (stealth).
   240 | D:1      | 240 ||| Stepping ~*~*~tactically~*~*~ (stealth).
   251 | D:1      | Reached skill level 3 in Axes
   262 | D:1      | Reached XP level 3. HP: 22/23 MP: 3/3
   307 | D:1      | 307 ||| DROPPING +0 club.
   477 | D:1      | 477 ||| UPGRADING to ring of protection from cold.
   478 | D:1      | 478 ||| READING scroll labelled SIOZXI FOIBYO.
   560 | D:2      | HP: 5/23 [worm (9)]
  1009 | D:2      | 1009 ||| Stepping ~*~*~tactically~*~*~ (stealth).
  1011 | D:2      | 1011 ||| Stepping ~*~*~tactically~*~*~ (stealth).
  1014 | D:2      | 1014 ||| Stepping ~*~*~tactically~*~*~ (stealth).
  1016 | D:2      | 1016 ||| Stepping ~*~*~tactically~*~*~ (stealth).
  1019 | D:2      | 1019 ||| FLEEEEING.
  1020 | D:2      | 1020 ||| FLEEEEING.
  1070 | D:2      | 1070 ||| Stepping ~*~*~tactically~*~*~ (stealth).
  1071 | D:2      | 1071 ||| Stepping ~*~*~tactically~*~*~ (stealth).
  1081 | D:2      | Reached XP level 4. HP: 28/28 MP: 4/4
  1102 | D:2      | 1102 ||| FLEEEEING.
  1103 | D:2      | 1103 ||| FLEEEEING.
  1519 | D:2      | 1519 ||| UPGRADING to amulet of faith.
  1524 | D:2      | 1524 ||| READING scroll labelled PENA YTINLO.
  1525 | D:2      | 1525 ||| READING scroll labelled READIUCHOZ.
  1530 | D:2      | 1530 ||| READING scroll labelled SEZUDAIPIX.
  1531 | D:2      | 1531 ||| DRINKING 2 clear potions.
  1555 | D:3      | Found an ancient bone altar of Kikubaaqudgha.
  1566 | D:3      | 1566 ||| DROPPING +0 whip.
  1596 | D:3      | Reached skill level 4 in Axes
  1716 | D:3      | Noticed Jessica
  1726 | D:3      | Killed Jessica
  1727 | D:3      | Reached XP level 5. HP: 20/32 MP: 5/5
  1806 | D:3      | Noticed Ijyb
  1807 | D:3      | 1807 ||| Stepping ~*~*~tactically~*~*~ (hiding).
  1808 | D:3      | 1808 ||| Stepping ~*~*~tactically~*~*~ (hiding).
  1816 | D:3      | Killed Ijyb
  1835 | D:3      | Found an opulent altar of Gozag.
  1873 | D:3      | Noticed an ogre
  1874 | D:3      | 1874 ||| Stepping ~*~*~tactically~*~*~ (stealth).
  1880 | D:3      | Reached skill level 5 in Axes
  1880 | D:3      | HP: 4/32 [ogre/+0 giant club (28)]
  1881 | D:3      | 1881 ||| READING scroll of teleportation.
  1882 | D:3      | 1882 ||| DRINKING 2 potions of heal wounds.
  1883 | D:3      | 1883 ||| DRINKING potion of heal wounds.
  1895 | D:3      | Found an ornate altar of the Wu Jian Council.
  1960 | D:3      | Found a faded altar of an unknown god.
  1979 | D:3      | 1979 ||| Stepping ~*~*~tactically~*~*~ (hiding).
  1984 | D:3      | Mangled by an ogre

Levels and vault maps discovered:
D:1:      scummos_arrival_simple_crosswalls, layout_rooms
D:2:      layout_loops_corners
D:3:      layout_basic, kiku_gazebo_garden_becter, nicolae_gozag_seed_capital,
          mainiacjoe_overflow_brackets, chequers_ecumenical_altar_simple,
          uniq_ijyb, uniq_jessica

Skill      XL: |  1  2  3  4  5 |
---------------+----------------+-----
Axes           | 2 3 4 5 |  5.0
Fighting       | |  3.3
Armour         | |  3.2
Shields        | |  3.2

Action                     |  1- 3 |  4- 6 || total
---------------------------+-------+-------++-------
  Melee: War axe           |   105 |    84 ||   189
    Use: Scroll            |     1 |     4 ||     5
         Potion            |       |     3 ||     3
 Armour: Scale mail        |    52 |    43 ||    95
  Dodge: Dodged            |    39 |    41 ||    80
  Block: Buckler           |    16 |    15 ||    31

Table legend:
 A = Non-vault XP
 B = Vault XP
 C = Vault XP percentage of total XP
 D = Non-vault monster count
 E = Vault monster count
 F = Vault count percentage of total count
                 A         B        C        D         E       F
            +---------+---------+-------+---------+---------+-------
      Total |     156 |      75 |  32.5 |      58 |       2 |   3.3
            +---------+---------+-------+---------+---------+-------
        D:1 |      40 |       0 |   0.0 |      23 |       0 |   0.0
        D:2 |      56 |       0 |   0.0 |      22 |       0 |   0.0
        D:3 |      60 |      75 |  55.6 |      13 |       2 |  13.3
            +---------+---------+-------+---------+---------+-------
